 Dungeon Crawl Stone Soup version 0.25-a0-294-gea9b1ad378 (webtiles) character file.

Game seed: 16732632206364121951, levelgen mode: deterministic

4627 MoonlitKnight the Magician (level 10, -3/79 HPs)
             Began as a Gnoll Skald on Dec 19, 2019.
             Was a Believer of Okawaru.
             Slain by an eight-headed hydra (14 damage)
             ... on level 1 of the Lair of Beasts.
             The game lasted 00:30:28 (10615 turns).

MoonlitKnight the Magician (Gnoll Skald)           Turns: 10615, Time: 00:30:28

Health: -3/79      AC: 10    Str: 14    XL:     10   Next: 42%
Magic:  11/20      EV: 15    Int: 17    God:    Okawaru [**....]
Gold:   902        SH:  0    Dex: 16    Spells: 13/23 levels left

rFire    + . .     SeeInvis .   y - +3 dagger (venom)
rCold    . . .     Gourm    .   (no shield)
rNeg     . . .     Faith    .   I - +2 ring mail {rF+}
rPois    .         Spirit   .   (no helmet)
rElec    .         Reflect  .   (no cloak)
rCorr    .         Harm     .   x - +0 pair of gloves
MR       .....                  J - +0 pair of boots
Stlth    ++........             (no amulet)
HPRegen  1.23/turn              (no ring)
MPRegen  0.17/turn              (no ring)

@: regenerating
A: distributed training, fangs 1, strong nose
a: Heroism, Renounce Religion


You were on level 1 of the Lair of Beasts.
You worshipped Okawaru.
Okawaru was pleased with you.
You were hungry.

You visited 3 branches of the dungeon, and saw 12 of its levels.

You collected 902 gold pieces.

Inventory:

Hand Weapons
 a - a +0 spear
 b - a +0 hunting sling
 u - a +0 club
 y - a +3 dagger of venom (weapon)
Missiles
 g - 51 sling bullets
 M - 18 poisoned darts (quivered)
Armour
 x - a +0 pair of gloves (worn)
 I - a +2 ring mail of fire resistance (worn)
 J - a +0 pair of boots (worn)
Jewellery
 f - a +6 amulet of reflection
 E - a cursed amulet of inaccuracy {unknown}
 F - an uncursed amulet of rage {unknown}
Wands
 B - a wand of flame (16)
Scrolls
 c - a scroll of amnesia
 e - 2 scrolls of immolation
 i - a scroll of blinking {unknown}
 j - a scroll of enchant armour {unknown}
 m - 3 scrolls of magic mapping {unknown}
 n - 3 scrolls of enchant weapon
 w - a scroll of fog {unknown}
 C - 2 scrolls of teleportation {unknown}
 D - a scroll of torment {unknown}
 L - a scroll of fear {unknown}
Potions
 k - 2 potions of brilliance
 l - 2 potions of agility
 o - a potion of haste
 p - a potion of resistance
 q - 7 potions of curing
 r - 2 potions of mutation
 s - a potion of heal wounds {unknown}
 t - a potion of might {unknown}
 A - a potion of flight {unknown}
 G - a potion of ambrosia {unknown}
 H - a potion of lignification {unknown}
 K - a potion of cancellation
Comestibles
 d - 15 rations


   Skills:
 + Level 7.0 Fighting
 + Level 5.2 Short Blades
 + Level 5.2 Long Blades
 + Level 5.2 Axes
 + Level 5.2 Maces & Flails
 + Level 7.0 Polearms
 + Level 5.2 Staves
 + Level 5.2 Slings
 + Level 5.2 Bows
 + Level 5.2 Crossbows
 + Level 5.2 Throwing
 + Level 5.8 Armour
 + Level 7.0 Dodging
 + Level 5.2 Stealth
 + Level 5.2 Shields
 + Level 5.2 Unarmed Combat
 + Level 7.3 Spellcasting
 + Level 4.2 Conjurations
 + Level 4.2 Hexes
 + Level 7.0 Charms
 + Level 4.2 Summonings
 + Level 4.2 Necromancy
 + Level 4.2 Translocations
 + Level 4.2 Transmutations
 + Level 4.2 Fire Magic
 + Level 4.2 Ice Magic
 + Level 4.2 Air Magic
 + Level 4.2 Earth Magic
 + Level 4.2 Poison Magic
 + Level 5.7 Invocations
 + Level 5.2 Evocations


You had 13 spell levels left.
You knew the following spells:

 Your Spells              Type           Power        Failure   Level  Hunger
b - Shroud of Golubria    Chrm/Tloc      ####..       3%          2    None
c - Spectral Weapon       Hex/Chrm       ####....     6%          3    ##.....
d - Regeneration          Chrm/Necr      ####......   6%          3    ##.....
e - Song of Slaying       Chrm           ####....     1%          2    None

Your spell library contained the following spells:

 Spells                   Type           Power        Failure   Level  Hunger
 Infusion                 Chrm           ####         1%          1    None
 Sandblast                Erth           ###...       3%          1    None
 Passwall                 Tmut/Erth      ###.....     5%          2    None
 Stone Arrow              Conj/Erth      ###...       11%         3    ##.....
 Petrify                  Tmut/Erth      ###.....     36%         4    ####...
 Lee's Rapid Deconstruct  Erth           ###.......   71%         5    #####..


Dungeon Overview and Level Annotations

Branches:
Dungeon (10/15)            Temple (1/1) D:7            Lair (1/6) D:8
    Orc (0/2) D:9

Altars:
Ashenzari
Cheibriados
Dithmenos
Elyvilon
Fedhas
Gozag
Hepliaklqana
Kikubaaqudgha
Makhleb
Nemelex Xobeh
Okawaru
Qazlal
Ru
Sif Muna
Trog
Uskayaw
Vehumet
Wu Jian
Xom
Yredelemnul
Zin
The Shining One

Shops:
D:6 !   D:8 (   D:9 (

Annotations:
D:6 1 runed translucent door, endorz's ghost, novice MiFi


Innate Abilities, Weirdness & Mutations

Your experience applies equally to all skills.
You have very sharp teeth.
Your uncanny sense of smell can sniff out nearby items.


Message History

The four-headed hydra barely misses you.
You hit the four-headed hydra but do no damage.
The four-headed hydra is heavily wounded.
Your spectral weapon barely misses the four-headed hydra.
The four-headed hydra barely misses you.
The four-headed hydra bites you! x3
* * * LOW HITPOINT WARNING * * *
Casting: Spectral Weapon (safe; 6% risk of failure)
Confirm with . or Enter, or press ? or * to list all spells.
Your skin crawls.
The teleport trap disappears.
Your spectral weapon disappears!
The four-headed hydra barely misses you.
The four-headed hydra misses you.
The four-headed hydra bites you but does no damage.
The four-headed hydra bites you!
* * * LOW HITPOINT WARNING * * *
You hit the four-headed hydra. You bite the four-headed hydra.
The four-headed hydra is severely wounded.
The eight-headed hydra bites you!
You die...

##.....≈≈≈≈≈≈≈
...#..≈≈≈≈≈≈≈#
..#.#≈≈≈≈≈≈≈#.
...#≈≈≈≈≈≈≈..# #
..#≈≈≈≈≈≈≈#.. #.
#..≈≈≈≈≈≈≈#..
#..#.##≈######.#
#...§D.........#
#..#.@D........#
#..
#...../.....# .
#....<......#
.......#.##.....
....#.#### ∆..##
........ .#
........
....._.. ....


You could see an eight-headed hydra and a four-headed hydra.

Vanquished Creatures
  A hippogriff (D:9)
  A wyvern (D:8)
  Eustachio (D:6)
  5 orc warriors
  2 sky beasts (D:5)
  An ice beast (D:9)
  A phantom (D:5)
  7 ogres
  A necrophage (D:7)
  A centaur (D:4)
  2 big kobolds
  4 bullfrogs
  A wyvern zombie (D:6)
  5 scorpions
  3 killer bees (D:9)
  4 wights (D:9)
  A howler monkey (D:5)
  8 crimson imps
  2 centaur skeletons
  A jelly (D:9)
  2 bullfrog skeletons
  A gnoll shaman (D:5)
  5 orc priests
  A hound (D:5)
  3 iguanas
  17 orc wizards
  3 worker ants
  A worker ant zombie (D:9)
  3 gnolls (D:5)
  7 adders
  2 shadow imps
  3 oozes
  An adder skeleton (D:8)
  An adder zombie (D:9)
  4 worms
  3 dart slugs
  8 leopard geckos
  43 orcs
  7 giant cockroaches
  2 goblins (D:3)
  3 hobgoblins
  10 jackals
  5 quokkas
  A ball python (D:6)
  10 bats
  4 frilled lizards
  14 kobolds
  A leopard gecko skeleton (D:5)
  A quokka skeleton (D:9)
  5 rats
223 creatures vanquished.

Vanquished Creatures (others)
  5 bushes (D:8)
  A fungus (D:8)
  11 plants (D:8)
  5 spectral weapons
22 creatures vanquished.

Grand Total: 245 creatures vanquished

Notes
Turn   | Place    | Note
-------+----------+-------------------------------------------
     0 | D:1      | MoonlitKnight the Gnoll Skald began the quest for the Orb.
     0 | D:1      | Reached XP level 1. HP: 20/20 MP: 6/6
   202 | D:1      | Reached XP level 2. HP: 19/26 MP: 7/7
   638 | D:2      | Reached skill level 5 in Spellcasting
   638 | D:2      | Reached XP level 3. HP: 26/31 MP: 7/9
   642 | D:2      | Learned a level 2 spell: Shroud of Golubria
   646 | D:2      | Learned a level 3 spell: Spectral Weapon
   650 | D:2      | Learned a level 3 spell: Regeneration
   653 | D:2      | Learned a level 2 spell: Song of Slaying
   678 | D:2      | Found a bloodstained altar of Trog.
   745 | D:2      | Found a sacrificial altar of Ru.
   768 | D:2      | Reached skill level 1 in Invocations
   880 | D:2      | Reached skill level 1 in Short Blades
   880 | D:2      | Reached skill level 1 in Long Blades
   880 | D:2      | Reached skill level 1 in Axes
   880 | D:2      | Reached skill level 1 in Maces & Flails
   880 | D:2      | Reached skill level 1 in Staves
   880 | D:2      | Reached skill level 1 in Slings
   880 | D:2      | Reached skill level 1 in Bows
   880 | D:2      | Reached skill level 1 in Crossbows
   880 | D:2      | Reached skill level 1 in Throwing
   880 | D:2      | Reached skill level 1 in Stealth
   880 | D:2      | Reached skill level 1 in Shields
   880 | D:2      | Reached skill level 1 in Unarmed Combat
   880 | D:2      | Reached skill level 1 in Evocations
   880 | D:2      | Reached XP level 4. HP: 28/38 MP: 11/11
  1567 | D:3      | Reached skill level 1 in Conjurations
  1567 | D:3      | Reached skill level 1 in Hexes
  1567 | D:3      | Reached skill level 1 in Summonings
  1567 | D:3      | Reached skill level 1 in Necromancy
  1567 | D:3      | Reached skill level 1 in Translocations
  1567 | D:3      | Reached skill level 1 in Transmutations
  1567 | D:3      | Reached skill level 1 in Fire Magic
  1567 | D:3      | Reached skill level 1 in Ice Magic
  1567 | D:3      | Reached skill level 1 in Air Magic
  1567 | D:3      | Reached skill level 1 in Earth Magic
  1567 | D:3      | Reached skill level 1 in Poison Magic
  1584 | D:3      | Reached XP level 5. HP: 2/43 MP: 7/12
  2141 | D:3      | Found a shadowy altar of Dithmenos.
  2442 | D:4      | Noticed a centaur
  2451 | D:4      | Killed a centaur
  2451 | D:4      | Reached XP level 6. HP: 13/50 MP: 9/13
  2937 | D:4      | Reached skill level 5 in Fighting
  2937 | D:4      | Reached skill level 5 in Polearms
  2937 | D:4      | Reached skill level 5 in Dodging
  3122 | D:4      | Found a burning altar of Makhleb.
  3229 | D:4      | Noticed a balrug
  3233 | D:4      | Noticed an orange demon
  3233 | D:4      | Noticed a ynoxinul
  3272 | D:4      | Reached XP level 7. HP: 56/56 MP: 15/15
  3793 | D:5      | Entered Level 5 of the Dungeon
  3802 | D:5      | Found a hazy altar of Hepliaklqana.
  4357 | D:5      | Reached XP level 8. HP: 13/63 MP: 11/16
  4648 | D:5      | Found a shimmering blue altar of Sif Muna.
  4975 | D:5      | Found a white marble altar of Elyvilon.
  5214 | D:6      | Noticed Eustachio
  5247 | D:6      | Killed Eustachio
  5475 | D:6      | Found Ziga's Distillery.
  5519 | D:6      | Reached XP level 9. HP: 11/69 MP: 14/18
  5962 | D:6      | Found a runed translucent door.
  5964 | D:6      | Noticed endorz's ghost (novice MiFi)
  5997 | D:6      | You fall into a shaft and drop 2 floors!
  5997 | D:8      | Found Turgh's Weapon Boutique.
  6397 | D:8      | Found a staircase to the Lair.
  6732 | D:6      | Reached skill level 5 in Armour
  7444 | D:7      | Found an ornate altar of the Wu Jian Council.
  7525 | D:7      | Found a staircase to the Ecumenical Temple.
  7557 | Temple   | Entered the Ecumenical Temple
  7771 | Temple   | Became a worshipper of Warmaster Okawaru
  7994 | D:8      | Reached skill level 5 in Invocations
  8514 | D:8      | Found a blossoming altar of Fedhas.
  8728 | D:8      | Reached XP level 10. HP: 23/77 MP: 15/20
  9335 | D:9      | Found an opulent altar of Gozag.
  9390 | D:9      | Reached * piety under Okawaru
  9602 | D:9      | Found a staircase to the Orcish Mines.
  9602 | D:9      | Found Ycaty's Weapon Emporium.
  9783 | D:9      | Reached skill level 5 in Short Blades
  9783 | D:9      | Reached skill level 5 in Long Blades
  9783 | D:9      | Reached skill level 5 in Axes
  9783 | D:9      | Reached skill level 5 in Maces & Flails
  9783 | D:9      | Reached skill level 5 in Staves
  9783 | D:9      | Reached skill level 5 in Slings
  9783 | D:9      | Reached skill level 5 in Bows
  9783 | D:9      | Reached skill level 5 in Crossbows
  9783 | D:9      | Reached skill level 5 in Throwing
  9783 | D:9      | Reached skill level 5 in Stealth
  9783 | D:9      | Reached skill level 5 in Shields
  9783 | D:9      | Reached skill level 5 in Unarmed Combat
  9783 | D:9      | Reached skill level 5 in Evocations
 10038 | D:9      | Reached ** piety under Okawaru
 10240 | D:9      | Found a sparkling altar of Nemelex Xobeh.
 10555 | D:10     | Entered Level 10 of the Dungeon
 10605 | Lair:1   | Entered Level 1 of the Lair of Beasts
 10605 | Lair:1   | Noticed an eight-headed hydra
 10605 | Lair:1   | Noticed a four-headed hydra
 10606 | Lair:1   | Found a radiant altar of Vehumet.
 10615 | Lair:1   | Slain by an eight-headed hydra

Levels and vault maps discovered:
D:1:      minmay_arrival_cross, layout_basic
D:2:      layout_loops_ring, overflow_temple_1_default, marbit_many_paths
D:3:      lemuel_upstairs_altar, layout_basic, grunt_dithmenos_smoke
D:4:      layout_loops_corners, first_ration, makhleb_altar_promises_db
D:5:      layout_loops_cross, elyvilon_altar_3, kennysheep_little_box,
          kennysheep_mini
D:6:      layout_cave_pools, serial_shops, shop, gammafunk_ghost_grave,
          uniq_eustachio
D:7:      layout_rooms, minmay_temple_entry_drinking_statues, basic_altar,
          grunt_ogre_cave
D:8:      minmay_goldmine, layout_rooms, fedhas_altar_decomposition,
          dpeg_oklobed_lair, serial_shops, shop, grunt_ministairs_1
D:9:      layout_roguey, nicolae_gozag_cash_rules_everything_around_me,
          orc_david_3, nemelex_dance_club_becter
D:10:     layout_irregular_city, serial_shops, nicolae_shop_behind_doors
Temple:   eino_temple_water
Lair:1:   gammafunk_lair_enchanted_lake, layout_gridlike, basic_altar,
          uniq_harold

Skill      XL: |  1  2  3  4  5  6  7  8  9 10 |
---------------+-------------------------------+-----
Spellcasting   | 5 6 7 |  7.3
Invocations    | 1 2 3 4 5 |  5.7
Short Blades   | 1 2 3 4 5 |  5.2
Long Blades    | 1 2 3 4 5 |  5.2
Axes           | 1 2 3 4 5 |  5.2
Maces & Flails | 1 2 3 4 5 |  5.2
Staves         | 1 2 3 4 5 |  5.2
Slings         | 1 2 3 4 5 |  5.2
Bows           | 1 2 3 4 5 |  5.2
Crossbows      | 1 2 3 4 5 |  5.2
Throwing       | 1 2 3 4 5 |  5.2
Stealth        | 1 2 3 4 5 |  5.2
Shields        | 1 2 3 4 5 |  5.2
Unarmed Combat | 1 2 3 4 5 |  5.2
Evocations     | 1 2 3 4 5 |  5.2
Conjurations   | 1 2 3 4 |  4.2
Hexes          | 1 2 3 4 |  4.2
Summonings     | 1 2 3 4 |  4.2
Necromancy     | 1 2 3 4 |  4.2
Translocations | 1 2 3 4 |  4.2
Transmutations | 1 2 3 4 |  4.2
Fire Magic     | 1 2 3 4 |  4.2
Ice Magic      | 1 2 3 4 |  4.2
Air Magic      | 1 2 3 4 |  4.2
Earth Magic    | 1 2 3 4 |  4.2
Poison Magic   | 1 2 3 4 |  4.2
Armour         | 3 4 5 |  5.8
Fighting       | 5 6 7 |  7.0
Polearms       | 5 6 7 |  7.0
Dodging        | 5 6 7 |  7.0
Charms         | 6 7 |  7.0

Action                   |  1- 3 |  4- 6 |  7- 9 | 10-12 || total
-------------------------+-------+-------+-------+-------++-------
Melee: Spear             |    74 |   167 |       |       ||   241
       Bite              |    12 |    17 |    69 |    26 ||   124
       Punch             |       |     1 |     8 |     7 ||    16
       Dagger            |       |     3 |   535 |   233 ||   771
 Cast: Spectral Weapon   |       |     7 |    24 |    10 ||    41
       Regeneration      |       |     1 |    10 |     1 ||    12
       Shroud of Golubri |       |       |     2 |       ||     2
  Use: Scroll            |       |       |     7 |     5 ||    12
 Stab: Sleeping          |     1 |     7 |     5 |     2 ||    15
       Distracted        |       |     1 |     5 |     2 ||     8
  Eat: Chunk             |       |     8 |    13 |     6 ||    27
       Ration            |       |       |     2 |       ||     2
Armor: Leather armour    |     7 |    17 |       |       ||    24
       Ring mail         |       |    10 |   141 |    62 ||   213
Dodge: Dodged            |    37 |    78 |   413 |   162 ||   690

Table legend:
 A = Non-vault XP
 B = Vault XP
 C = Vault XP percentage of total XP
 D = Non-vault monster count
 E = Vault monster count
 F = Vault count percentage of total count
                 A         B        C        D         E       F
            +---------+---------+-------+---------+---------+-------
      Total |    5657 |     953 |  14.4 |     201 |      22 |   9.9
            +---------+---------+-------+---------+---------+-------
        D:1 |      21 |       0 |   0.0 |       7 |       0 |   0.0
        D:2 |      68 |       1 |   1.4 |      17 |       1 |   5.6
        D:3 |     168 |       0 |   0.0 |      29 |       0 |   0.0
        D:4 |     501 |       0 |   0.0 |      19 |       0 |   0.0
        D:5 |     843 |       0 |   0.0 |      26 |       0 |   0.0
        D:6 |     928 |     208 |  18.3 |      27 |       1 |   3.6
        D:7 |     343 |     113 |  24.8 |      10 |       1 |   9.1
        D:8 |    1095 |     494 |  31.1 |      27 |      14 |  34.1
        D:9 |    1690 |     137 |   7.5 |      39 |       5 |  11.4
            +---------+---------+-------+---------+---------+-------
